 Dungeon Crawl Stone Soup version 0.32-a0-685-g93135e86f0 (webtiles) character file.

Game seed: 9392255968126108664

2500 mopl the Insei (level 9, -3/60 HPs)
             Began as an Octopode Shapeshifter on Mar 12, 2024.
             Was a Follower of Uskayaw.
             Slain by a boulder beetle (38 damage)
             ... on level 11 of the Dungeon.
             The game lasted 00:07:34 (6152 turns).

mopl the Insei (Octopode Shapeshifter)              Turns: 6152, Time: 00:07:34

Health: -3/60      AC:  5    Str: 13    XL:     9   Next: 53%
Magic:  11/11      EV: 15    Int: 12    God:    Uskayaw [*.....]
Gold:   396        SH:  0    Dex: 16    Spells: 8/8 levels left

rFire   . .          .
                       - Unarmed
rCold   . . .        (no shield)
rNeg    + . .        (helmet currently unavailable)
rPois   .            (no amulet)
rElec   .            f - +4 ring of protection
rCorr   .            p - ring of positive energy
SInv    .            (no ring)
Will    .....        (no ring)
Stlth   ++           (no ring)
HPRegen 0.30/turn    (no ring)
MPRegen 0.12/turn    (no ring)
                     (no ring)

%: no passive effects
@: beast-form
A: beast (slay +4), almost no armour, amphibious, 8 rings, camouflage 1,
gelatinous body 1, (nimble swimmer 1), tentacles
a: Begin Untransformation, Renounce Religion, Stomp


You were on level 11 of the Dungeon.
You worshipped Uskayaw.
Uskayaw was noncommittal.
You were a hulking beast.
You visited 1 branch of the dungeon, and saw 9 of its levels.

You collected 396 gold pieces.

Inventory:

Hand Weapons
 y - a +3 spear of flaming
 A - a +5 orcbow
 B - the +4 spear of Dithmenos's Favour {pain, Fly rPois}
   (You found it on level 5 of the Dungeon)

   rPois:     It protects you from poison.
   Fly:       It grants you flight.
Missiles
 w - 4 curare-tipped darts
 x - 5 javelins
 E - 18 poisoned darts (quivered)
Armour
 o - a +0 tower shield
Jewellery
 f - a +4 ring of protection (left tentacle)
 p - a ring of positive energy (right tentacle)
Talismans
 b - a beast talisman (active)
 c - a flux talisman
Wands
 m - a wand of flame (32)
 t - a wand of polymorph (7)
 D - a wand of roots (9)
 H - a wand of mindburst (15)
Scrolls
 d - 6 scrolls of identify
 j - 3 scrolls of revelation {unknown}
 k - a scroll of poison {unknown}
 l - 2 scrolls of amnesia {unknown}
 n - a scroll of butterflies {unknown}
 r - a scroll of fear {unknown}
 u - a scroll of acquirement {unknown}
 z - a scroll of torment {unknown}
 F - 2 scrolls of vulnerability {unknown}
 G - a scroll of teleportation {unknown}
 I - a scroll of enchant armour {unknown}
 J - a scroll of brand weapon {unknown}
Potions
 a - 2 potions of lignification {!q}
 e - a potion of haste
 g - 3 potions of heal wounds {unknown}
 h - a potion of ambrosia {unknown}
 i - 4 potions of curing {unknown}
 q - 2 potions of berserk rage {unknown}
 s - a potion of cancellation {unknown}
 v - a potion of mutation {unknown}
 C - a potion of enlightenment {unknown}


   Skills:
 + Level 4.8 Fighting
 + Level 0.8 Throwing
 + Level 5.2 Dodging
 * Level 7.5 Unarmed Combat
 + Level 3.4 Invocations
 + Level 1.0 Evocations
 * Level 7.0 Shapeshifting


You had 8 spell levels left.
You didn't know any spells.
Your spell library contained the following spells:

 Spells                   Type           Power      Damage    Failure   Level
 Sting                    Conj/Alch      0%         1d3       32%         1
 Mercury Vapours          Alch/Air       0%         N/A       45%         2
 Olgreb's Toxic Radiance  Alch           0%         N/A       97%         4


Dungeon Overview and Level Annotations

Branches:
Dungeon (8/15)             Temple (0/1) D:6
   Lair: D:8-11

Altars:
Okawaru
Sif Muna
Trog
Uskayaw
Wu Jian

Shops:
D:4 [

Annotations:
D:7 2 transporters, Konar's ghost, novice CoHu


Innate Abilities, Weirdness & Mutations

You are a hulking beast.
Your limbs bulge with bestial killing power. (Slay +4)
You cannot wear most types of armour.
You are amphibious.
You can wear up to eight rings at the same time.
Your skin changes colour to match your surroundings (Stealth+).
Your rubbery body absorbs attacks. (AC +1, EV +1)
((You are camouflaged when in or above water. (Stealth+)))
You have tentacles for arms and can constrict up to eight enemies at once.


Message History

The troll bites you!
* * * LOW HITPOINT WARNING * * *
The troll claws you but does no damage. x2
You tentacle-slap the troll. You squeeze the troll.
You kill the troll!
The troll leather armour is intact enough to wear.
Uskayaw will force your foes to helplessly watch your dance.
Your Evocations skill increases to level 1!
Your Shapeshifting skill increases to level 7!
Things that are here:
a +0 troll leather armour; a troll corpse You hear the faint beating of a very distant drum.
You can no longer pass through a line of other dancers.
A boulder beetle comes into view.
The boulder beetle leaps!
The boulder beetle moves out of view.
Found 13 gold pieces.
A wraith comes into view.
You now have 396 gold pieces (gained 13).
You throw a poisoned dart.
The poisoned dart hits the boulder beetle.
The boulder beetle is poisoned.
The boulder beetle leaps!
You throw a poisoned dart.
The poisoned dart hits the boulder beetle.
The boulder beetle looks even sicker.
The boulder beetle is lightly wounded.
The boulder beetle curls into a ball and begins rolling!
Throw: 5 darts (curare)
Press: ? - help, Shift-Dir - straight line, f/p - boulder beetle
Aim: a boulder beetle (lightly wounded, rolling, very poisoned, 90% to hit)
You throw a curare-tipped dart.
The curare-tipped dart hits the boulder beetle.
The boulder beetle looks as sick as possible!
The boulder beetle struggles to breathe.
The boulder beetle seems to slow down.
The boulder beetle is lightly wounded.
You hear the beating of a very distant drum.
The boulder beetle hits you!!!
Ouch! That really hurt!
You die...
Your body falls in perfect tune with the rhythm.

########
#....○.#####
#.####○#...#
#.##.....#
#.##°#.#....W.
#.##○#.#######
#.##B#.##
#..h....#
#.##.##.#
#.##.# .#
#.##.##.#
#.......#
####.####
##.#.##
#.....####
#........+


You could see a boulder beetle (rolling, extremely poisoned, slow).

Vanquished Creatures
  A troll (D:11)
  Menkaure (D:5)
  A water moccasin (D:8)
  Duvessa (D:6)
  An orc warrior (D:7)
  A sky beast (D:8)
  2 ice beasts
  2 black bears
  2 centaurs (D:7)
  A phantom (D:6)
  A kobold brigand (D:6)
  A bullfrog (D:7)
  2 scorpions
  Dowan (D:6)
  3 killer bees (D:7)
  A howler monkey (D:4)
  A bombardier beetle (D:5)
  2 jellies
  3 orc priests
  A hound (D:5)
  A sleepcap (D:8)
  Terence (D:3)
  2 orc wizards (D:7)
  4 iguanas
  Robin (D:2)
  4 gnolls (D:3)
  8 adders
  A shadow imp (D:5)
  A white imp (D:4)
  6 ufetubi
  5 dart slugs
  17 orcs
  7 ball pythons
  10 endoplasms
  6 giant cockroaches
  14 goblins
  9 hobgoblins
  4 jackals (D:3)
  2 quokkas
  6 bats
  4 frilled lizards
  11 kobolds
  12 rats
165 creatures vanquished.

Notes
Turn   | Place    | Note
-------+----------+-------------------------------------------
     0 | D:1      | mopl the Octopode Shapeshifter began the quest for the Orb.
     0 | D:1      | Reached XP level 1. HP: 13/13 MP: 1/1
   207 | D:1      | Reached XP level 2. HP: 18/18 MP: 2/2
   408 | D:1      | Found a faded altar of an unknown god.
   793 | D:2      | Noticed Robin
   800 | D:2      | Reached XP level 3. HP: 23/23 MP: 3/3
   812 | D:2      | Killed Robin
  1162 | D:2      | Identified the +0 cloak of Polish {Fly rC+ Dex+3}
  1514 | D:3      | Reached XP level 4. HP: 28/28 MP: 4/4
  1627 | D:3      | Noticed Terence
  1640 | D:3      | Killed Terence
  1748 | D:3      | Reached skill level 2 in Fighting
  1748 | D:3      | Reached skill level 4 in Unarmed Combat
  1748 | D:3      | Reached XP level 5. HP: 13/34 MP: 5/5
  1753 | D:3      | Reached skill level 4 in Shapeshifting
  2375 | D:3      | Reached XP level 6. HP: 38/40 MP: 6/6
  2377 | D:3      | Reached skill level 3 in Dodging
  2938 | D:4      | Found Imuathez's Armour Boutique.
  3115 | D:4      | Reached skill level 5 in Unarmed Combat
  3302 | D:4      | Reached XP level 7. HP: 37/45 MP: 7/7
  3484 | D:5      | Entered Level 5 of the Dungeon
  3552 | D:5      | Identified the +4 spear of Dithmenos's Favour {pain, Fly
                  | rPois}
  3582 | D:5      | Noticed Menkaure
  3592 | D:5      | Killed Menkaure
  3593 | D:5      | Reached skill level 5 in Shapeshifting
  3620 | D:5      | Reached skill level 3 in Fighting
  3745 | D:5      | Identified the +1 robe "Bekuf" {rN++}
  4006 | D:5      | Found an ornate altar of the Wu Jian Council.
  4055 | D:5      | Found a shimmering blue altar of Sif Muna.
  4102 | D:5      | Found an iron altar of Okawaru.
  4203 | D:5      | Found a hide-covered altar of Uskayaw.
  4207 | D:5      | Became a worshipper of Uskayaw the Reveller
  4420 | D:6      | Reached * piety under Uskayaw
  4422 | D:6      | Reached ** piety under Uskayaw
  4424 | D:6      | Reached XP level 8. HP: 42/52 MP: 8/8
  4427 | D:6      | Reached *** piety under Uskayaw
  4465 | D:6      | Noticed Dowan
  4466 | D:6      | Noticed Duvessa
  4486 | D:6      | Killed Duvessa
  4487 | D:6      | Reached skill level 4 in Dodging
  4487 | D:6      | Reached skill level 6 in Unarmed Combat
  4487 | D:6      | Reached skill level 1 in Invocations
  4487 | D:6      | Killed Dowan
  4586 | D:6      | Identified the +1 leather armour "Boadeuri" {rPois rF- rC++
                  | Int+2}
  4789 | D:6      | Found a staircase to the Ecumenical Temple.
  4835 | D:7      | Reached skill level 6 in Shapeshifting
  4901 | D:7      | Reached skill level 2 in Invocations
  4907 | D:7      | Reached skill level 4 in Fighting
  5035 | D:7      | Noticed Konar's ghost (novice CoHu)
  5036 | D:7      | Found a bloodstained altar of Trog.
  5060 | D:7      | Noticed a moth of wrath
  5176 | D:7      | Found a transporter.
  5179 | D:7      | Found a transporter.
  5190 | D:7      | Noticed a two-headed ogre
  5412 | D:7      | Reached skill level 7 in Unarmed Combat
  5412 | D:7      | Reached XP level 9. HP: 47/59 MP: 9/11
  5508 | D:7      | Reached **** piety under Uskayaw
  5513 | D:7      | Reached ***** piety under Uskayaw
  5515 | D:7      | Reached skill level 3 in Invocations
  5670 | D:8      | Reached skill level 5 in Dodging
  6049 | D:8      | You fall into a shaft and drop 3 floors!
  6087 | D:11     | Noticed a troll
  6094 | D:11     | Killed a troll
  6095 | D:11     | Reached skill level 1 in Evocations
  6095 | D:11     | Reached skill level 7 in Shapeshifting
  6130 | D:11     | Noticed a boulder beetle
  6152 | D:11     | Slain by a boulder beetle

Illustrated notes

Levels and vault maps discovered:
D:1:      lightli_arrival_windingriver, layout_basic,
          ebering_ecumenical_altar_rust
D:2:      layout_loops_ring, minmay_misc_feat_nine_boxes, uniq_robin
D:3:      wad_river_or_something, layout_basic, chequers_serial_rivers_room_b,
          wad_floor_pattern_untrapped, grunt_decor_mini_mirrors, uniq_terence
D:4:      minmay_clustersquares, layout_basic, serial_shops, shop_statue
D:5:      layout_loops_ring, nicolae_overflow_quartered_altars, uniq_menkaure
D:6:      layout_basic, minmay_temple_entry_enclosed_plants, uniq_duvessa
D:7:      layout_basic, serial_corexii_hall, corexii_hall_statues_s,
          corexii_hall_statues_i, gammafunk_ghost_wrathful_warriors
D:8:      layout_basic, serial_aquarium, aquarium_bridge_square
          [aquarium_subvault_bridge, aquarium_subvault_bridge,
          aquarium_subvault_bridge, aquarium_subvault_bridge],
          aquarium_bridge_straight [aquarium_subvault_bridge,
          aquarium_subvault_window, aquarium_subvault_bridge,
          aquarium_subvault_balcony], aquarium_window_corner, aquarium_window_1,
          aquarium_view_2b, aquarium_pool_five
D:11:     layout_loops_corners, minmay_lair_entry_grove, gauntlet_entry_generic,
          einodemon_armed_red_devil_minivault

Skill      XL: |  1  2  3  4  5  6  7  8  9 |
---------------+----------------------------+-----
Fighting       | 2 3 4 |  4.8
Unarmed Combat | 4 5 7 |  7.5
Shapeshifting  | 4 5 6 7 |  7.0
Dodging        | 3 4 5 |  5.2
Invocations    | 2 3 |  3.4
Evocations     | 1 |  1.0
Throwing       | |  0.8

Action                     |  1- 3 |  4- 6 |  7- 9 || total
---------------------------+-------+-------+-------++-------
  Melee: Unarmed           |    60 |   123 |   159 ||   342
         Constrict         |    20 |    32 |    36 ||    88
         Tentacles         |    12 |    22 |    44 ||    78
         Punch             |     1 |     5 |     9 ||    15
  Throw: Dart              |       |       |     4 ||     4
    Use: Scroll            |       |       |     1 ||     1
   Stab: Sleeping          |     7 |     8 |     5 ||    20
         Distracted        |       |       |     2 ||     2
         Paralysed         |       |       |     5 ||     5
 Armour: Skin              |    19 |    41 |    99 ||   159
  Dodge: Dodged            |    21 |    60 |    99 ||   180

Table legend: (Time is in decaauts)
 A = Elapsed time spent in this place.
 B = Non-inter-level travel time spent in this place.
 C = Inter-level travel time spent in this place.
 D = Time resting spent in this place.
 E = Time spent auto-exploring this place.
 F = Levels seen in this place.
 G = Mean time per level.
                   A        B        C        D        E       F      G
               +--------+--------+--------+--------+--------+-----+--------+
         Total |   6117 |   5893 |    224 |    588 |   4129 |   9 |  679.7 |
       Dungeon |   6117 |   5893 |    224 |    588 |   4129 |   9 |  679.7 |
               +--------+--------+--------+--------+--------+-----+--------+

Top non-repeatable levels by time:
     D:3: 1101 daAuts
     D:4: 873 daAuts
     D:7: 796 daAuts
     D:1: 778 daAuts
     D:5: 728 daAuts
     D:2: 715 daAuts
     D:6: 607 daAuts
     D:8: 414 daAuts
    D:11: 101 daAuts
